 Dungeon Crawl Stone Soup version 0.26-a0-682-g294304f6e8 (webtiles) character file.

Game seed: 5117861011898252674

473 lunkers the Chiller (level 6, -4/41 HPs)
             Began as a Vampire Ice Elementalist on Oct 21, 2020.
             Slain by an ogre
             ... wielding a +0 giant club
              (26 damage)
             ... on level 4 of the Dungeon.
             The game lasted 00:05:36 (3461 turns).

lunkers the Chiller (Vampire Ice Elementalist)      Turns: 3461, Time: 00:05:36

Health: -4/41      AC:  4    Str:  7    XL:     6   Next: 84%
Magic:  9/12       EV: 12    Int: 20    God:
Gold:   81         SH:  5    Dex: 10    Spells: 6/13 levels left

rFire    . . .     SeeInvis +   t - +0 long sword (flame)
rCold    . . .     Faith    .   (no shield)
rNeg     . . .     Spirit   .   a - +0 robe
rPois    .         Reflect  +   s - +0 helmet
rElec    .         Harm     .   (no cloak)
rCorr    .         Rampage  .   c - +0 pair of gloves
MR       .....                  (no boots)
Stlth    ++........             h - amulet of reflection
HPRegen  0.33/turn              i - -4 ring of dexterity (curse)
MPRegen  0.13/turn              (no ring)

@: frozen ramparts, regenerating quickly
A: fangs 3, see invisible, unbreathing
a: Exsanguinate


You were on level 4 of the Dungeon.
You visited 1 branch of the dungeon, and saw 4 of its levels.

You collected 81 gold pieces.

Inventory:

Hand Weapons
 t - a +0 long sword of flaming (weapon)
Armour
 a - a +0 robe (worn)
 c - a +0 pair of gloves (worn)
 s - a +0 helmet (worn)
Jewellery
 h - an amulet of reflection (around neck)
 i - a cursed -4 ring of dexterity (left hand)
Wands
 r - a wand of flame (19)
Scrolls
 d - 2 scrolls of amnesia {unknown}
 f - 2 scrolls of identify {unknown}
 g - a scroll of noise {unknown}
 k - 3 scrolls of teleportation {unknown}
 l - 2 scrolls of blinking {unknown}
 n - a scroll of magic mapping {unknown}
 p - a scroll of remove curse {unknown}
 q - 2 scrolls of enchant armour {unknown}
 u - a scroll of immolation {unknown}
Potions
 b - 5 potions of curing {unknown}
 e - 2 potions of might {unknown}
 j - a potion of haste {unknown}
 m - a potion of degeneration {unknown}
 o - 2 potions of brilliance {unknown}


   Skills:
 - Level 2.1 Dodging
 - Level 3.0 Stealth
 + Level 4.1 Spellcasting
 * Level 7.2 Ice Magic


You had 6 spell levels left.
You knew the following spells:

 Your Spells              Type           Power        Failure   Level
a - Freeze                Ice            ####         1%          1
b - Frozen Ramparts       Ice            ####..       1%          3
c - Ozocubu's Armour      Ice            ####....     1%          3

Your spell library contained the following spells:

 Spells                   Type           Power        Failure   Level
 Hailstorm                Conj/Ice       ###.....     28%         4
 Summon Ice Beast         Ice/Summ       ###.....     28%         4


Dungeon Overview and Level Annotations

Branches:
Dungeon (4/15)
 Temple: D:4-7

Altars:


Innate Abilities, Weirdness & Mutations

Your natural rate of healing is unusually fast.
You have razor-sharp teeth.
You have supernaturally acute eyesight. (SInv)
You can survive without breathing.


Message History

No target in view!
You now have 81 gold pieces (gained 2).
The frozen ramparts melt away.
You see here a +0 giant spiked club.
d - 2 scrolls labeled BURCHE CESMORPHU (gained 1)
You see here a +0 giant spiked club.
u - a scroll labeled RICWENN NOLA An ogre comes into view.
It is wielding a +0 giant club.
An ogre is nearby!
A leopard gecko and a worm come into view.
The ogre shouts!
The ogre hits you with a +0 giant club!!
* * * LOW HITPOINT WARNING * * *
Casting: Freeze (safe; 1% risk of failure)
Confirm with . or Enter, or press ? or * to list all spells.
The walls around you are covered in ice.
The wall freezes the ogre!
The ogre hits you with a +0 giant club!!
Ouch! That really hurt!
You die...

####### ..... ... . ....
... .## # ..### ..# ..#
#.#.#?#.#.# #.#
#l.O#.#...###.#
...l.###@..###....# .w.#
#.#.#.#$#.#..# .
.##.#.#.##....#####.#
##..#.#.#..###.......#
#$..#.#.#.#.).#.#.#####
###..#.#.#..###.#.#
..##.#.#.##....#.#####
..#.#!#.#)#.#.#.........
. . ###...###....##.####


You could see an ogre and a leopard gecko.

Vanquished Creatures
  2 ogres (D:4)
  A scorpion (D:4)
  An orc priest (D:3)
  An orc wizard (D:3)
  Ijyb (D:3)
  A worker ant (D:4)
  Robin (D:3)
  4 adders
  3 oozes
  2 worms (D:4)
  3 dart slugs
  6 orcs
  9 bats
  5 giant cockroaches
  9 hobgoblins
  2 jackals (D:2)
  A ball python (D:1)
  2 frilled lizards
  11 goblins (D:3)
  6 kobolds
  8 rats
79 creatures vanquished.

Notes
Turn   | Place    | Note
-------+----------+-------------------------------------------
     0 | D:1      | lunkers the Vampire Ice Elementalist began the quest for
                  | the Orb.
     0 | D:1      | Reached XP level 1. HP: 13/13 MP: 3/3
   435 | D:1      | Reached XP level 2. HP: 18/19 MP: 3/5
  1105 | D:2      | Reached XP level 3. HP: 24/24 MP: 1/6
  1402 | D:2      | Reached skill level 5 in Ice Magic
  1749 | D:2      | Reached XP level 4. HP: 30/30 MP: 5/8
  2013 | D:2      | Learned a level 3 spell: Frozen Ramparts
  2017 | D:2      | Learned a level 3 spell: Ozocubu's Armour
  2024 | D:3      | Reached XP level 5. HP: 21/35 MP: 3/9
  2307 | D:3      | Noticed Ijyb
  2315 | D:3      | Killed Ijyb
  2399 | D:3      | Reached skill level 6 in Ice Magic
  2473 | D:3      | Noticed Robin
  2481 | D:3      | Killed Robin
  2571 | D:3      | Found a faded altar of an unknown god.
  3043 | D:4      | Noticed a phantom
  3122 | D:4      | Reached XP level 6. HP: 13/41 MP: 5/11
  3398 | D:4      | Reached skill level 7 in Ice Magic
  3461 | D:4      | Slain by an ogre

Illustrated notes

Levels and vault maps discovered:
D:1:      onia_arrival_pentagram, layout_basic, minmay_heptomino_h4
D:2:      layout_basic, kennysheep_generic_room_4
D:3:      layout_loops_ring, chequers_ecumenical_altar_lobes, uniq_ijyb,
          uniq_robin
D:4:      layout_loops_ring, serial_bayou_pond_b, minmay_starry_boxes

Skill      XL: |  1  2  3  4  5  6 |
---------------+-------------------+-----
Ice Magic      | 5 6 7 |  7.2
Spellcasting   | 3 4 |  4.1
Dodging        | |  2.1
Stealth        | |  3.0

Action                   |  1- 3 |  4- 6 || total
-------------------------+-------+-------++-------
Melee: Unarmed           |     1 |     5 ||     6
 Cast: Freeze            |    56 |    51 ||   107
       Frozen Ramparts   |       |     7 ||     7
Armor: Robe              |     5 |     4 ||     9
Dodge: Dodged            |    34 |    26 ||    60
Block: Other             |     7 |     8 ||    15
       Reflection        |     1 |     1 ||     2

Table legend: (Time is in decaauts)
 A = Elapsed time spent in this place.
 B = Non-inter-level travel time spent in this place.
 C = Inter-level travel time spent in this place.
 D = Time resting spent in this place.
 E = Time spent auto-exploring this place.
 F = Levels seen in this place.
 G = Mean time per level.
                   A        B        C        D        E       F      G
               +--------+--------+--------+--------+--------+-----+--------+
         Total |   3470 |   3325 |    145 |     65 |   2772 |   4 |  867.5 |
       Dungeon |   3470 |   3325 |    145 |     65 |   2772 |   4 |  867.5 |
               +--------+--------+--------+--------+--------+-----+--------+

Top non-repeatable levels by time:
     D:2: 1035 daAuts
     D:1: 962 daAuts
     D:3: 921 daAuts
     D:4: 551 daAuts
